 Dungeon Crawl Stone Soup version 0.22-a0-322-g60b3cfd (webtiles) character file.

6 4thArraOfDagon the Grave Robber (level 1, 0/14 HPs)
             Began as a Demigod Necromancer on Apr 3, 2018.
             Slain by a kobold
             ... wielding a cursed -3 dagger
              (1 damage)
             ... on level 1 of the Dungeon.
             The game lasted 00:01:04 (200 turns).

4thArraOfDagon the Grave Robber (DgNe)               Turns: 200, Time: 00:01:05

Health: 0/14       AC:  2    Str: 11    XL:     1   Next: 60%
Magic:  0/5        EV: 12    Int: 19    God:
Gold:   0          SH:  0    Dex: 16    Spells: 2/3 levels left

rFire    . . .     SeeInvis .   (no weapon)
rCold    . . .     Gourm    .   (no shield)
rNeg     . . .     Faith    .   a - +0 robe
rPois    .         Spirit   .   (no helmet)
rElec    .         Reflect  .   (no cloak)
rCorr    .         Harm     .   (no gloves)
MR       .....                  (no boots)
Stlth    ++........             (no amulet)
HPRegen  0.04/turn              (no ring)
MPRegen  0.09/turn              (no ring)

@: no status effects
A: high mp 1
a: no special abilities


You were on level 1 of the Dungeon.
You were not hungry.

You visited 1 branch of the dungeon, and saw 1 of its levels.

Inventory:

Armour
 a - a +0 robe (worn)
Potions
 b - a potion of haste {unknown}
 d - 2 potions of mutation {unknown}
Comestibles
 c - a ration


   Skills:
 - Level 1.7 Dodging
 - Level 1.7 Stealth
 + Level 1.9 Spellcasting
 * Level 3.8 Necromancy


You had 2 spell levels left.
You knew the following spells:

 Your Spells              Type           Power        Failure   Level  Hunger
a - Pain                  Necr           ###.         3%          1    #......


Dungeon Overview and Level Annotations

Branches:
Dungeon (1/15)


Innate Abilities, Weirdness & Mutations

You have an increased reservoir of magic. (+10% MP)


Message History

Aiming: Pain (safe; 3% risk of failure)
Press: ? - help, Shift-Dir - straight line, f/p - kobold
Aim: a kobold, wielding an enchanted dagger (chance to defeat MR: 87%)
The kobold writhes in agony!
A rat comes into view.
Unknown command.
Unknown command.
A dart slug comes into view.
The dart slug moves out of view.
Unknown command.
Unknown command.
Unknown command.
Casting: Pain (safe; 3% risk of failure)
Confirm with . or Enter, or press ? or * to list all spells.
Aiming: Pain (safe; 3% risk of failure)
Press: ? - help, Shift-Dir - straight line, f/p - kobold
Aim: a kobold, wielding an enchanted dagger (moderately wounded, chance to defeat MR: 87%)
The kobold writhes in agony!
The kobold hits you with an enchanted dagger.
You die...

.#m#.#O#...# ......#
.###.###.#.######.......
.#T#.#.#...........†....
.###'###...........#...#
...#.#.....#.####..#....
.....J.#................
#...####...............#
#.### #.##...###.......
#.######.##....K@.......
.........#.....###......
#.#####.J#.....# .....
#.# #..#.....# .... #J#
#..#.....+ ... #.#
#(.#.J...## ..
#+#####.(.......... .
......).###........
....##### #..#..##..


You could see a kobold.

Vanquished Creatures
  A giant cockroach (D:1)
  3 kobolds (D:1)
  2 bats (D:1)
  A frilled lizard (D:1)
7 creatures vanquished.

Notes
Turn   | Place    | Note
-------+----------+-------------------------------------------
     0 | D:1      | 4thArraOfDagon the Demigod Necromancer began the quest for the Orb.
     0 | D:1      | Reached XP level 1. HP: 14/14 MP: 5/5
     1 | D:1      | Noticed a draconian
     2 | D:1      | Noticed a centaur
     4 | D:1      | Noticed a human
     6 | D:1      | Noticed a ghoul
     6 | D:1      | Noticed a felid
     8 | D:1      | Noticed a vine stalker
     8 | D:1      | Noticed a demonspawn
    10 | D:1      | Noticed a tengu
    12 | D:1      | Noticed a vampire
    12 | D:1      | Noticed a demigod
    14 | D:1      | Noticed a formicid
    16 | D:1      | Noticed a minotaur
    16 | D:1      | Noticed a naga
    18 | D:1      | Noticed a spriggan
    18 | D:1      | Noticed a dwarf
    20 | D:1      | Noticed a halfling
    20 | D:1      | Noticed a gargoyle
    22 | D:1      | Noticed an elf
    22 | D:1      | Noticed an octopode
    24 | D:1      | Noticed a merfolk
    24 | D:1      | Noticed an ogre
    26 | D:1      | Noticed a troll
   200 | D:1      | Slain by a kobold

Vault maps used:
D:1:      kb_arrival_jail, lexackson_kobold_supper

Action                   || total
-------------------------++-------
Melee: Unarmed           ||     3
 Cast: Pain              ||    16
Armor: Robe              ||     1
Dodge: Dodged            ||    10

Table legend:
 A = Spawn XP
 B = Non-spawn XP
 C = Spawn XP percentage of total XP
 D = Spawn monster count
 E = Non-spawn monster count
 F = Spawn count percentage of total count
 G = Total turns spent on level
                    A         B        C        D         E        F      G
               +---------+---------+-------+---------+---------+-------+---------
         Total |       0 |       9 |   0.0 |       0 |       7 |   0.0 |   200
               +---------+---------+-------+---------+---------+-------+---------
           D:1 |       0 |       9 |   0.0 |       0 |       7 |   0.0 |   200
               +---------+---------+-------+---------+---------+-------+---------
